 Dungeon Crawl Stone Soup version 0.30-a0-879-ga8ba668304 (webtiles) character file.

Game seed: 4697968511273416431

17313 strifetoe the Cleaver (level 12, -6/107 HPs)
             Began as a Minotaur Fighter on Mar 13, 2023.
             Was an Elder of Makhleb.
             Mangled by a death knight
             ... wielding a +0 morningstar
              (24 damage)
             ... on level 13 of the Dungeon.
             The game lasted 00:25:43 (11169 turns).

strifetoe the Cleaver (Minotaur Fighter)           Turns: 11169, Time: 00:25:44

Health: -6/107     AC: 18    Str: 24 (27) XL:     12   Next: 17%
Magic:  15/15      EV: 14    Int:  8 (9)  God:    Makhleb [****..]
Gold:   563        SH:  0    Dex: 13 (15) Spells: 11/11 levels left

rFire   . . .      SeeInvis .    G - +11 quarterstaff of Feodyaco {heavy, rElec rPois rN+ Int-2}
rCold   + . .      Faith    .    (shield currently unavailable)
rNeg    + . .      Spirit   .    I - quicksilver dragon scales
rPois   +          Reflect  .    (helmet restricted)
rElec   +          Rampage  .    B - +2 cloak
rCorr   .          Harm     + .  e - +0 pair of gloves of Valour {Slay+3}
Will    +....                    t - +0 pair of boots
Stlth   +                        d - amulet of Kobic {Acrobat Harm rPois rC+}
HPRegen 0.37/turn                h - +6 ring of dexterity
MPRegen 0.14/turn                D - ring "Amaarola" {rElec Int+6}

@: no status effects
A: horns 2, retaliatory headbutt
a: Renounce Religion, Minor Destruction, Lesser Servant of Makhleb, Major
Destruction


You were on level 13 of the Dungeon.
You worshipped Makhleb.
Makhleb was greatly pleased with you.
You visited 2 branches of the dungeon, and saw 14 of its levels.

You collected 755 gold pieces.
You spent 192 gold pieces at shops.

Inventory:

Hand Weapons
 a - a +1 war axe of freezing
 o - the +4 hand axe "Giuwu" {freeze, rN+ Str-5 Dex+7}
   (You found it on level 2 of the Dungeon)

   Str:       It affects your strength (-5).
   Dex:       It affects your dexterity (+7).
   rN:        It protects you from negative energy.
 G - the +11 quarterstaff of Feodyaco (weapon) {heavy, rElec rPois rN+ Int-2}
   (You found it on level 9 of the Dungeon)

   Int:       It affects your intelligence (-2).
   rElec:     It insulates you from electricity.
   rPois:     It protects you from poison.
   rN:        It protects you from negative energy.
Armour
 c - a +0 buckler
 e - the +0 pair of gloves of Valour (worn) {Slay+3}
   (You acquired it on level 6 of the Dungeon)

   Slay:      It affects your accuracy & damage with ranged weapons and melee
   (+3).
 t - a +0 pair of boots (worn)
 z - a +2 pair of gloves
 B - a +2 cloak (worn)
 I - quicksilver dragon scales (worn)
Jewellery
 b - a ring of ice
 d - the amulet of Kobic (around neck) {Acrobat Harm rPois rC+}
   (You found it on level 11 of the Dungeon)

   [amulet of the acrobat]

   It increases your evasion while moving and waiting.
   rC:        It protects you from cold.
   rPois:     It protects you from poison.
   Harm:      It increases damage dealt and taken.
 h - a +6 ring of dexterity (left hand)
 k - a ring of ice
 l - an amulet of regeneration
 w - a ring of protection from fire
 x - an amulet of reflection
 D - the ring "Amaarola" (right hand) {rElec Int+6}
   (You found it on level 9 of the Dungeon)

   [ring of intelligence]

   Int:       It affects your intelligence (+6).
   rElec:     It insulates you from electricity.
 E - an amulet of the acrobat
 K - a ring of resist corrosion
 L - a ring of protection from cold
Wands
 v - a wand of flame (12)
Scrolls
 f - 3 scrolls of identify
 i - 9 scrolls of teleportation
 m - 6 scrolls of fog
 n - a scroll of brand weapon
Potions
 g - a potion of berserk rage
 j - 3 potions of flight
 p - 2 potions of resistance
 q - a potion of brilliance
 r - 3 potions of mutation
 s - 12 potions of curing
 A - 3 potions of might
Miscellaneous
 H - a tin of tremorstones (1/2)
 J - a phial of floods (inert)


   Skills:
 + Level 10.5 Fighting
 - Level 13.6 Axes
 - Level 11.0 Staves
 + Level 8.7 Armour
 - Level 7.4 Dodging
 - Level 4.1 Shields
 - Level 5.8 Invocations


You had 11 spell levels left.
You didn't know any spells.
Your spell library contained the following spells:

 Spells                   Type           Power      Damage    Failure   Level
 Magic Dart               Conj           0%         1d3       54%         1
 Summon Small Mammal      Summ           0%         N/A       54%         1
 Blink                    Tloc           0%         N/A       67%         2
 Call Imp                 Summ           0%         N/A       67%         2
 Lesser Beckoning         Tloc           0%         N/A       67%         2
 Momentum Strike          Conj/Tloc      0%         3d8       67%         2
 Call Canine Familiar     Summ           0%         N/A       88%         3
 Gell's Gravitas          Tloc           0%         N/A       88%         3
 Inner Flame              Hex/Fire       0%         N/A       88%         3
 Mephitic Cloud           Conj/Pois/Air  0%         N/A       88%         3
 Portal Projectile        Hex/Tloc       0%         N/A       88%         3
 Summon Guardian Golem    Hex/Summ       0%         N/A       88%         3
 Teleport Other           Tloc           0%         N/A       88%         3
 Tukima's Dance           Hex            0%         N/A       88%         3
 Cause Fear               Hex            0%         N/A       99%         4
 Blade Hands              Tmut           0%         N/A       100%        5
 Freezing Cloud           Conj/Ice/Air   0%         6-21      100%        5
 Dispersal                Tloc           0%         N/A       100%        6
 Simulacrum               Ice/Necr       0%         N/A       100%        6
 Discord                  Hex            0%         N/A       100%        8
 Polar Vortex             Ice            0%         N/A       100%        9


Dungeon Overview and Level Annotations

Branches:
Dungeon (13/15)            Temple (1/1) D:4            Lair (0/5) D:9
    Orc (0/2) D:12
 Vaults: D:13-14

Altars:
Ashenzari
Cheibriados
Dithmenos
Elyvilon
Fedhas
Gozag
Hepliaklqana
Kikubaaqudgha
Makhleb
Nemelex Xobeh
Okawaru
Qazlal
Ru
Sif Muna
Trog
Uskayaw
Vehumet
Wu Jian
Xom
Yredelemnul
Zin
The Shining One

Shops:
D:3 [   D:7 *   D:10 *   D:11 (

Annotations:
D:8 exclusion: downstairs
D:9 exclusion: oklob sapling


Innate Abilities, Weirdness & Mutations

You have a pair of horns on your head.
You reflexively headbutt those who attack you in melee.


Message History

No target in view!
No target in view!
No target in view!
No target in view!
No target in view!
No target in view!
No target in view!
A death knight and a skeletal warrior come into view.
The death knight shouts!
The death knight offers itself to Yredelemnul, and fills with unholy energy.
There are monsters nearby!
There are monsters nearby!
A wraith comes into view.
The death knight hits you but does no damage.
You thump the death knight!
The death knight is moderately wounded.
The death knight reflects your damage back at you!
The death knight misses you. You furiously retaliate!
You headbutt the death knight!
The death knight reflects your damage back at you!
You closely miss the death knight. You headbutt the death knight!
The death knight is heavily wounded.
The death knight reflects your damage back at you!
The death knight hits you with a +0 morningstar!!
You hit the death knight but do no damage.
You headbutt the death knight!
The death knight is severely wounded.
The death knight reflects your damage back at you!
The death knight hits you but does no damage.
Unknown command.
You sock the death knight!
The death knight is almost dead.
The death knight reflects your damage back at you!
* * * LOW HITPOINT WARNING * * *
A cyclops comes into view.
The death knight hits you with a +0 morningstar!
* * * LOW HITPOINT WARNING * * *
You feel better.
The death knight hits you with a +0 morningstar!!
You die...

#. #.# #.# #.# #.# #.#
#.# #.# ####C##### #.#
....Wzp@.# #.#
.....###.#############.#
### #...............#
#################


You could see a death knight (reflects damage), a skeletal warrior, a cyclops
and a wraith.

Vanquished Creatures
  Fannar (D:11)
  4 two-headed ogres
  The ghost of bmack86 the Cleaver, a novice MiFi (D:6)
  A deep elf zephyrmancer (D:12)
  An ugly thing (D:9)
  A cyclops (D:11)
  3 manticores
  An unseen horror (D:11)
  2 komodo dragons
  2 freezing wraiths
  Prince Ribbit (D:7)
  Grinder (D:3)
  A troll (D:6)
  2 vampires (D:12)
  3 shadows
  Sigmund (D:3)
  5 yaks (D:11)
  2 wraiths
  4 vampire mosquitoes
  Grum (D:9)
  2 basilisks
  2 steam dragons
  2 acid dragons
  A water moccasin (D:9)
  5 black bears
  3 sky beasts
  5 orc warriors
  A black bear (shapeshifter) (D:12)
  2 ogres
  2 wolves (D:9)
  8 centaurs
  3 kobold brigands
  6 bullfrogs
  4 scorpions
  A scorpion (shapeshifter) (D:9)
  14 wights
  A hornet simulacrum (D:9)
  10 killer bees (D:11)
  8 electric eels (D:8)
  6 howler monkeys
  5 hounds
  Crazy Yiuf (D:7)
  3 orc priests
  4 gnoll boudas
  2 iguanas
  A jelly (D:6)
  3 sleepcaps
  14 orc wizards
  15 gnolls
  10 adders
  2 shadow imps
  3 white imps
  An ufetubus (D:7)
  4 worms
  4 dart slugs
  47 orcs
  9 ball pythons
  4 bats
  6 endoplasms
  2 giant cockroaches
  6 goblins
  6 hobgoblins
  6 jackals
  16 kobolds
  5 quokkas
  4 frilled lizards
  9 rats
316 creatures vanquished.

Vanquished Creatures (collateral kills)
  A yak (D:11)
1 creature vanquished.

Vanquished Creatures (others)
  An orc (D:11)
  41 fungi (D:9)
  83 plants
125 creatures vanquished.

Grand Total: 442 creatures vanquished

Notes
Turn   | Place    | Note
-------+----------+-------------------------------------------
     0 | D:1      | strifetoe the Minotaur Fighter began the quest for the Orb.
     0 | D:1      | Reached XP level 1. HP: 19/19 MP: 0/0
    52 | D:1      | Reached skill level 3 in Axes
   168 | D:1      | Found a faded altar of an unknown god.
   239 | D:1      | Reached XP level 2. HP: 23/26 MP: 1/1
   377 | D:1      | Reached skill level 4 in Axes
   670 | D:2      | Reached XP level 3. HP: 31/31 MP: 2/2
   812 | D:2      | Reached skill level 5 in Axes
   835 | D:2      | Identified the +4 hand axe "Giuwu" {freeze, rN+ Str-5
                  | Dex+7}
   851 | D:2      | Reached XP level 4. HP: 39/39 MP: 3/3
  1355 | D:3      | Found Odie's Armour Boutique.
  1417 | D:3      | Reached skill level 6 in Axes
  1418 | D:3      | Noticed Grinder
  1432 | D:3      | Killed Grinder
  1433 | D:3      | Reached skill level 8 in Axes
  1433 | D:3      | Reached XP level 5. HP: 17/45 MP: 4/4
  1433 | D:3      | Reached XP level 6. HP: 19/51 MP: 5/5
  1804 | D:3      | Noticed Sigmund
  1819 | D:3      | Killed Sigmund
  1820 | D:3      | Reached skill level 9 in Axes
  2042 | D:4      | Reached XP level 7. HP: 46/57 MP: 6/6
  2090 | D:4      | Reached skill level 10 in Axes
  2170 | D:4      | Found a staircase to the Ecumenical Temple.
  2187 | Temple   | Entered the Ecumenical Temple
  2626 | Temple   | Became a worshipper of Makhleb the Destroyer
  3357 | D:5      | Entered Level 5 of the Dungeon
  3367 | D:5      | Reached skill level 5 in Fighting
  3367 | D:5      | Reached skill level 5 in Armour
  3389 | D:5      | Reached XP level 8. HP: 65/68 MP: 7/7
  3466 | D:5      | Found a sparkling altar of Nemelex Xobeh.
  3580 | D:5      | Found a runed translucent door.
  3941 | D:5      | Reached * piety under Makhleb
  4285 | D:6      | Identified a scroll of acquirement
  4285 | D:6      | Acquired the +0 pair of gloves of Valour {Slay+3}
  4373 | D:6      | Found a runed translucent door.
  4376 | D:6      | Noticed bmack86's ghost (novice MiFi)
  4637 | D:6      | Noticed a troll
  4656 | D:6      | Killed a troll
  4657 | D:6      | Reached skill level 1 in Dodging
  4657 | D:6      | Reached XP level 9. HP: 56/81 MP: 8/8
  4661 | D:6      | Reached ** piety under Makhleb
  5029 | D:6      | Killed bmack86's ghost
  5030 | D:6      | Reached skill level 11 in Axes
  5237 | D:7      | Found a runed translucent door.
  5238 | D:7      | Noticed Crazy Yiuf
  5612 | D:7      | Found Ficseeju's Gadget Gallery.
  5708 | D:7      | Reached skill level 5 in Dodging
  5804 | D:7      | Noticed Prince Ribbit
  5811 | D:7      | Killed Prince Ribbit
  6322 | D:7      | Killed Crazy Yiuf
  6500 | D:8      | Reached skill level 12 in Axes
  6500 | D:8      | Reached XP level 10. HP: 88/88 MP: 9/9
  6828 | D:8      | Found a stormy altar of Qazlal.
  6892 | D:8      | Reached *** piety under Makhleb
  7178 | D:8      | Found a shimmering blue altar of Sif Muna.
  7178 | D:8      | Found a broken altar of Ashenzari.
  7464 | D:9      | Reached skill level 13 in Axes
  7464 | D:9      | Reached skill level 1 in Invocations
  7489 | D:9      | Found a staircase to the Lair.
  7499 | D:9      | Noticed Grum
  7505 | D:9      | Killed Grum
  7505 | D:9      | Noticed a two-headed ogre
  7522 | D:9      | Found a transporter.
  7523 | D:9      | Noticed a manticore
  7531 | D:9      | Identified the +11 quarterstaff of Feodyaco {heavy, rElec
                  | rPois rN+ Int-2}
  7531 | D:9      | Noticed a cyan ugly thing
  7555 | D:9      | Found a transporter.
  7637 | D:9      | Killed a cyan ugly thing
  7639 | D:9      | Killed a manticore
  7644 | D:9      | Identified the ring "Amaarola" {rElec Int+6}
  7882 | D:9      | Found a snail-covered altar of Cheibriados.
  7883 | D:9      | Found a basalt altar of Yredelemnul.
  7884 | D:9      | Found a hazy altar of Hepliaklqana.
  7885 | D:9      | Found a glowing silver altar of Zin.
  7954 | D:9      | Reached skill level 1 in Staves
  7956 | D:9      | Reached XP level 11. HP: 99/99 MP: 12/12
  8007 | D:9      | Killed a two-headed ogre
  8008 | D:9      | Reached skill level 10 in Fighting
  8210 | D:9      | Reached **** piety under Makhleb
  8494 | D:10     | Entered Level 10 of the Dungeon
  8764 | D:10     | Reached skill level 5 in Invocations
  8920 | D:10     | Found Womebis's Assorted Antiques.
  8925 | D:10     | Bought a jade ring for 160 gold pieces
  8925 | D:10     | Bought a scroll labelled IPSEF DIQIOPP for 32 gold pieces
  9113 | D:11     | Reached skill level 5 in Staves
  9251 | D:11     | Found Xaig's Weapon Emporium.
  9261 | D:11     | Noticed Fannar
  9270 | D:11     | Killed Fannar
  9424 | D:11     | Noticed a two-headed ogre
  9433 | D:11     | Killed a two-headed ogre
  9684 | D:11     | Identified the amulet of Kobic {Acrobat Harm rPois rC+}
  9726 | D:11     | Noticed a two-headed ogre
  9739 | D:11     | Killed a two-headed ogre
  9740 | D:11     | Reached skill level 10 in Staves
 10374 | D:12     | Found a staircase to the Orcish Mines.
 10618 | D:12     | Reached XP level 12. HP: 106/106 MP: 15/15
 10641 | D:12     | Noticed a two-headed ogre
 10646 | D:12     | Killed a two-headed ogre
 11163 | D:13     | Noticed a death knight
 11169 | D:13     | Mangled by a death knight

Illustrated notes

Levels and vault maps discovered:
D:1:      lightli_arrival_lavapool, layout_basic, basic_ecumenical_altar
D:2:      layout_loops_ring
D:3:      layout_basic, serial_shops, nicolae_shop_trees, uniq_grinder,
          uniq_sigmund
D:4:      layout_basic, minmay_temple_entry_gardened_gates,
          chequers_serial_rivers_room_a, chequers_serial_rivers_micro_c,
          minivault_14
D:5:      layout_rooms, marbit_many_paths, lightli_church_of_beogh
D:6:      layout_loops_corners, ebering_ghost_sewer_d, minivault_1
D:7:      layout_basic, nicolae_shop_gadgets, uniq_prince_ribbit1,
          uniq_crazy_yiuf_cottage
D:8:      layout_cave_pools, general_overflow_altar,
          gammafunk_temple_overflow_elements, serial_bayou, serial_bayou_pond_c,
          serial_bayou_crossing, serial_bayou_pond_b, serial_bayou_shore_a,
          serial_bayou_lake_a, serial_bayou_pond_a
D:9:      gammafunk_sealed_arena, layout_stronghold,
          mainiacjoe_overflow_alcove_3, due_lair_maze_entry_diamond,
          corexii_corridor_pit, introduction_to_nature_2, uniq_grum
D:10:     layout_rooms, serial_shops, nicolae_stop_n_shop_2
D:11:     wad_crossroads, layout_basic, serial_shops,
          nicolae_shop_bloodbath_and_beyond, uniq_fannar
D:12:     minmay_bloctagon_deflated, layout_loops_ring, orc_0_dummy
D:13:     layout_loops_ring, serial_undead, serial_undead_b, serial_undead_c,
          serial_undead_d, serial_undead_f
Temple:   minmay_temple_curvy_branch

Skill      XL: |  1  2  3  4  5  6  7  8  9 10 11 12 |
---------------+-------------------------------------+-----
Axes           | 3 4 5 8 9 10 12 13 | 13.6
Fighting       | 5 8 9 10 | 10.5
Armour         | 5 8 |  8.7
Dodging        | 1 6 7 |  7.4
Shields        | 4 |  4.1
Invocations    | 3 5 |  5.8
Staves         | 1 10 11 | 11.0

Action                     |  1- 3 |  4- 6 |  7- 9 | 10-12 || total
---------------------------+-------+-------+-------+-------++-------
  Melee: War axe           |    54 |       |       |       ||    54
         Headbutt          |     7 |    10 |    47 |    83 ||   147
         Hand axe          |     4 |    76 |   256 |   311 ||   647
         Quarterstaff      |       |       |       |    17 ||    17
 Invoke: Lesser Servant of |       |       |       |     3 ||     3
  Evoke: Wand              |       |       |     2 |    11 ||    13
         Phial of floods   |       |       |       |     1 ||     1
         Tin of tremorston |       |       |       |     1 ||     1
    Use: Scroll            |       |     1 |    13 |     9 ||    23
         Potion            |       |     1 |     1 |     4 ||     6
   Stab: Sleeping          |       |       |       |     1 ||     1
 Armour: Scale mail        |    32 |    25 |    70 |    17 ||   144
         Quicksilver drago |       |       |       |    94 ||    94
  Dodge: Dodged            |    31 |    21 |   115 |   157 ||   324
  Block: Buckler           |    13 |    13 |    61 |    65 ||   152

Table legend: (Time is in decaauts)
 A = Elapsed time spent in this place.
 B = Non-inter-level travel time spent in this place.
 C = Inter-level travel time spent in this place.
 D = Time resting spent in this place.
 E = Time spent auto-exploring this place.
 F = Levels seen in this place.
 G = Mean time per level.
                   A        B        C        D        E       F      G
               +--------+--------+--------+--------+--------+-----+--------+
         Total |  11107 |  10613 |    494 |   1175 |   7544 |  14 |  793.4 |
       Dungeon |  10642 |  10173 |    469 |   1075 |   7300 |  13 |  818.6 |
        Temple |    464 |    439 |     25 |    100 |    244 |   1 |  464.0 |
               +--------+--------+--------+--------+--------+-----+--------+

Top non-repeatable levels by time:
     D:7: 1194 daAuts
     D:6: 1117 daAuts
    D:11: 1104 daAuts
     D:9: 1098 daAuts
     D:8: 1015 daAuts
    D:12: 934 daAuts
     D:4: 847 daAuts
     D:2: 726 daAuts
     D:5: 699 daAuts
     D:3: 691 daAuts
     D:1: 640 daAuts
    D:10: 528 daAuts
  Temple: 464 daAuts
    D:13: 47 daAuts
